Match 47237438
Unlisted

Match 47237438
End
Construct Section Command Post
Construct Section Command Post
Selects Indian Artillery Battlegroup
Infantry Section
Infantry Section
ML 3-inch Mortar Team
Infantry Section
Construct Platoon Command Post
Selects War Cry
Selects Gurkha Rifles Section
Gurkha Rifles Section
Unlock Bishop Self-propelled Artillery
6-pounder Anti-tank Gun Team
apicton
Oncle-Hô
asfgdfgs
塔露rua
天童アリス
夜深千帳燈
0
0

Comments sign in to comment!

No comments posted yet!